 Dungeon Crawl Stone Soup version 0.23.2-11-gf996548c65 (webtiles) character file.

Game seed: 10432030262139835172

932241 diana the Impregnable (level 27, -20/253 (254) HPs)
             Began as a Minotaur Fighter on June 6, 2019.
             Was the Champion of Okawaru.
             Killed by the effects of Hell (34 damage)
             ... on level 7 of Gehenna.
             The game lasted 04:20:51 (93655 turns).

diana the Impregnable (Minotaur Fighter)           Turns: 93655, Time: 04:20:52

HP:   -20/253 (254) AC: 24    Str: 39      XL:     27
MP:   45/45         EV: 29    Int: 11 (12) God:    Okawaru [******]
Gold: 3160          SH: 21    Dex: 18      Spells: 31/46 levels left

rFire    + + +     SeeInvis +   b - +10 morningstar "Eos" {elec, Halo rElec}
rCold    + + .     Gourm    .   s - +2 shield of Resistance {rF+ rC+ MR+}
rNeg     + + +     Faith    .   S - +10 ring mail "Gudez" {rC+ MP+9 Str+3}
rPois    +         Spirit   .   U - -2 hat of the Alchemist {rElec rPois rF+ rC+ rN+ MR+ rMut rCorr}
rElec    +         Reflect  .   r - scarf {repulsion}
rCorr    +         Harm     .   y - +0 pair of fencer's gloves {Riposte Dex+3}
rMut     +         Rnd*Tele +   c - +2 pair of boots {Fly}
MR       ++++.                  Z - amulet of Siwuriew {RegenMP rF+ Str+5}
Stlth    +.........             l - ring "Ashef" {rC- rN++ Str+3 SInv Stlth+}
HPRegen  0.52/turn              x - +6 ring of slaying
MPRegen  0.54/turn

@: about to teleport, flying, glowing, repel missiles
A: retaliatory headbutt, horns 2, thin skeletal structure 1, clever 2,
teleportitis 1
}: 5/15 runes: serpentine, barnacled, slimy, silver, golden
a: Heroism, Finesse, Renounce Religion, Stop Flying


You were on level 7 of Gehenna.
You worshipped Okawaru.
Okawaru was exalted by your worship.
You were very hungry.

You visited 15 branches of the dungeon, and saw 77 of its levels.
You visited 1 bazaar.
You also visited: Bailey and Ice Cave.

You collected 10115 gold pieces.
You spent 6955 gold pieces at shops.

Inventory:

Hand Weapons
 b - the +10 morningstar "Eos" (weapon) {elec, Halo rElec}
   (You bought it in a shop on level 2 of the Elven Halls)

   Occasionally, upon striking a foe, it will discharge some electrical energy
   and cause terrible harm.
   It insulates you from electricity.
 u - the +4 broad axe of Nightmares {protect, rC+ Str+6 Int-3}
   (You bought it in a shop in a bazaar)

   It protects the one who uses it against injury (+AC on strike).
   It affects your strength (+6).
   It affects your intelligence (-3).
   It protects you from cold.
Missiles
 m - 10 throwing nets
 p - 4 javelins of returning (quivered)
 A - 15 steel javelins
 B - 42 javelins of penetration
 F - 7 silver javelins
Armour
 a - the +2 pair of boots of Okawaru's Reproof {-Tele rC+ Str+4}
   (Okawaru gifted it to you on level 3 of Cocytus)

   It affects your strength (+4).
   It protects you from cold.
   It prevents most forms of teleportation.
 c - a +2 pair of boots of flying (worn)
 r - a scarf of repulsion (worn)
 s - the +2 shield of Resistance (worn) {rF+ rC+ MR+}
   (You bought it in a shop on level 7 of the Dungeon)

   It protects you from fire.
   It protects you from cold.
   It affects your resistance to hostile enchantments.
 y - the +0 pair of fencer's gloves (worn) {Riposte Dex+3}
   (You found it on level 2 of the Depths)

   It affects your dexterity (+3).
 S - the +10 ring mail "Gudez" (worn) {rC+ MP+9 Str+3}
   (Okawaru gifted it to you on level 2 of the Elven Halls)

   It affects your strength (+3).
   It protects you from cold.
   It affects your magic capacity (+9).
 U - the -2 hat of the Alchemist (worn) {rElec rPois rF+ rC+ rN+ MR+ rMut rCorr}
   (Okawaru gifted it to you on level 11 of the Dungeon)

   It protects you from fire.
   It protects you from cold.
   It insulates you from electricity.
   It protects you from poison.
   It protects you from negative energy.
   It affects your resistance to hostile enchantments.
   It provides partial protection from all sources of acid and corrosion.
   It protects you from mutation.
Jewellery
 l - the ring "Ashef" (left hand) {rC- rN++ Str+3 SInv Stlth+}
   (You bought it in a shop on level 3 of the Snake Pit)

   [ring of strength]

   It affects your strength (+3).
   It makes you vulnerable to cold.
   It greatly protects you from negative energy.
   It lets you see invisible.
   It makes you more stealthy.
 x - a +6 ring of slaying (right hand)
 Q - the ring "Fudom" {rN+ Str+2 Dex+4 SInv}
   (You found it on level 3 of the Crypt)

   [ring of positive energy]

   It affects your strength (+2).
   It affects your dexterity (+4).
   It protects you from negative energy.
   It lets you see invisible.
 R - the ring of Arihoe {+Fly Str+5 Slay+4}
   (You found it on level 3 of the Tomb of the Ancients)

   [ring of slaying]

   It affects your strength (+5).
   It affects your accuracy and damage with ranged weapons and melee attacks
   (+4).
   It lets you fly.
 X - the brooch of Shielding {Reflect SH+8}
   (You found it on level 3 of the Tomb of the Ancients)

   [amulet of reflection]

   It shields you and reflects attacks.
   It affects your SH (+8).
 Z - the amulet of Siwuriew (around neck) {RegenMP rF+ Str+5}
   (You took it off a vampire mage on level 2 of the Elven Halls)

   [amulet of magic regeneration]

   It increases your magic regeneration.
   It affects your strength (+5).
   It protects you from fire.
Wands
 t - a wand of iceblast (18)
 L - a wand of digging (4)
 M - a wand of clouds (23)
 W - a wand of acid (42)
 Y - a wand of scattershot (4)
Scrolls
 i - 25 scrolls of teleportation
 o - 3 scrolls of summoning
 q - 10 scrolls of fog
 v - 32 scrolls of remove curse
 C - 13 scrolls of magic mapping
 I - 2 scrolls of holy word
 K - 4 scrolls of blinking
 N - 4 scrolls of enchant weapon
 P - 3 scrolls of silence
Potions
 d - 12 potions of might
 e - 7 potions of haste
 g - 21 potions of curing
 j - 12 potions of heal wounds
 n - 3 potions of invisibility
 z - 9 potions of agility
 G - 6 potions of resistance
 J - 3 potions of ambrosia
 T - 4 potions of berserk rage
 V - 5 potions of mutation
Miscellaneous
 D - 6 phantom mirrors
 E - 4 sacks of spiders
 O - 4 boxes of beasts
Comestibles
 f - 45 rations


   Skills:
 - Level 22.0 Fighting
 - Level 21.2(23.3) Axes
 - Level 18.3(22.0) Maces & Flails
 - Level 22.0 Throwing
 - Level 22.0 Armour
 - Level 22.0 Dodging
 - Level 22.0 Shields
 - Level 10.0 Spellcasting
 + Level 2.9 Summonings
 - Level 15.0 Transmutations
 + Level 11.7 Air Magic
 - Level 15.0 Earth Magic
 - Level 10.0 Invocations
 - Level 15.0 Evocations


You had 31 spell levels left.
You knew the following spells:

 Your Spells              Type           Power        Failure   Level  Hunger
a - Statue Form           Tmut/Erth      #####....    4%          6    #######
b - Apportation           Tloc           #.....       14%         1    None
c - Airstrike             Air            ####......   1%          4    ####...
d - Summon Lightning Spi  Summ/Air       ###.....     7%          4    ####...

Your spell library contained the following spells:

 Spells                   Type           Power        Failure   Level  Hunger
 Beastly Appendage        Tmut           #####.       1%          1    None
 Shock                    Conj/Air       ###.         1%          1    None
 Poisonous Vapours        Pois/Air       ###...       1%          2    None
 Sticks to Snakes         Tmut           #####...     1%          2    None
 Swiftness                Chrm/Air       ###.....     1%          2    None
 Spider Form              Tmut/Pois      ###.......   1%          3    ##.....
 Stone Arrow              Conj/Erth      ###...       1%          3    ##.....
 Petrify                  Tmut/Erth      #####...     1%          4    ####...
 Blade Hands              Tmut           #####.....   1%          5    #####..
 Summon Butterflies       Summ           ##......     4%          1    None
 Summon Small Mammal      Summ           ##..         4%          1    None
 Static Discharge         Conj/Air       ###.....     4%          3    ##.....
 Hydra Form               Tmut           #####.....   4%          6    #######
 Ignite Poison            Fire/Tmut/Pois ###.....     5%          3    ##.....
 Call Imp                 Summ           ##......     7%          2    None
 Ice Form                 Ice/Tmut       ###.....     7%          4    ####...
 Leda's Liquefaction      Hex/Erth       ###.......   7%          4    ####...
 Mephitic Cloud           Conj/Pois/Air  ##......     9%          3    ##.....
 Call Canine Familiar     Summ           ##......     13%         3    ##.....
 Animate Skeleton         Necr           N/A          14%         1    None
 Confusing Touch          Hex            #.....       14%         1    None
 Corona                   Hex            #......      14%         1    None
 Flame Tongue             Conj/Fire      #....        14%         1    None
 Freeze                   Ice            #...         14%         1    None
 Magic Dart               Conj           #...         14%         1    None
 Pain                     Necr           #...         14%         1    None
 Sting                    Conj/Pois      #...         14%         1    None
 Alistair's Intoxication  Tmut/Pois      ###.....     19%         5    #####..
 Borgnjor's Vile Clutch   Necr/Erth      ###.......   19%         5    #####..
 Irradiate                Conj/Tmut      ###.......   19%         5    #####..
 Yara's Violent Unravell  Hex/Tmut       ###.......   19%         5    #####..
 Blink                    Tloc           N/A          22%         2    None
 Corpse Rot               Necr           N/A          22%         2    None
 Shroud of Golubria       Chrm/Tloc      #.........   22%         2    None
 Slow                     Hex            #.......     22%         2    None
 Sublimation of Blood     Necr           #.........   22%         2    None
 Throw Flame              Conj/Fire      #.....       22%         2    None
 Throw Frost              Conj/Ice       #.....       22%         2    None
 Recall                   Summ/Tloc      N/A          24%         3    ##.....
 Summon Guardian Golem    Hex/Summ       #.......     24%         3    ##.....
 Dragon Form              Tmut           #####.....   26%         7    #######
 Lightning Bolt           Conj/Air       ###.......   36%         5    #####..
 Confuse                  Hex            #.......     41%         3    ##.....
 Conjure Flame            Conj/Fire      #.......     41%         3    ##.....
 Gell's Gravitas          Tloc           #.........   41%         3    ##.....
 Inner Flame              Hex/Fire       #.......     41%         3    ##.....
 Lesser Beckoning         Tloc           #.........   41%         3    ##.....
 Ozocubu's Armour         Chrm/Ice       #.......     41%         3    ##.....
 Portal Projectile        Hex/Tloc       #.....       41%         3    ##.....
 Regeneration             Chrm/Necr      #.........   41%         3    ##.....
 Teleport Other           Tloc           #.......     41%         3    ##.....
 Tukima's Dance           Hex            #.......     41%         3    ##.....
 Vampiric Draining        Necr           #.........   41%         3    ##.....
 Bolt of Magma            Conj/Fire/Erth ###.......   45%         5    #####..
 Summon Ice Beast         Ice/Summ       #.......     63%         4    ####...
 Iron Shot                Conj/Erth      ###.......   71%         6    #######
 Aura of Abjuration       Summ           ##........   77%         5    #####..
 Summon Demon             Summ           ##........   77%         5    #####..
 Animate Dead             Necr           N/A          82%         4    ####...
 Cause Fear               Hex            #.........   82%         4    ####...
 Olgreb's Toxic Radiance  Pois           #.......     82%         4    ####...
 Passage of Golubria      Tloc           N/A          82%         4    ####...
 Throw Icicle             Conj/Ice       #.......     82%         4    ####...
 Summon Forest            Summ/Tloc      #.........   92%         5    #####..
 Summon Mana Viper        Hex/Summ       #.......     92%         5    #####..
 Agony                    Necr           #.......     99%         5    #####..
 Bolt of Draining         Conj/Necr      #.........   99%         5    #####..
 Dispel Undead            Necr           #.......     99%         5    #####..
 Excruciating Wounds      Chrm/Necr      #.........   99%         5    #####..
 Fireball                 Conj/Fire      #.........   99%         5    #####..
 Iskenderun's Battlesphe  Conj/Chrm      #.......     99%         5    #####..
 Metabolic Englaciation   Hex/Ice        #.........   99%         5    #####..
 Venom Bolt               Conj/Pois      #.........   99%         5    #####..
 Freezing Cloud           Conj/Ice/Air   ##........   99%         6    #######
 Bolt of Cold             Conj/Ice       #.........   100%        6    #######
 Bolt of Fire             Conj/Fire      #.........   100%        6    #######
 Death Channel            Necr           #.........   100%        6    #######
 Invisibility             Hex            #.......     100%        6    #######
 Shadow Creatures         Summ           N/A          100%        6    #######
 Simulacrum               Ice/Necr       #.........   100%        6    #######
 Orb of Destruction       Conj           #.........   100%        7    #######
 Ring of Flames           Chrm/Fire      #.........   100%        7    #######
 Spellforged Servitor     Conj/Summ      #.........   100%        7    #######
 Summon Hydra             Summ           ##........   100%        7    #######
 Death's Door             Chrm/Necr      #.........   100%        8    #######
 Ignition                 Fire           #.........   100%        8    #######
 Shatter                  Erth           #####.....   100%        9    #######
 Tornado                  Air            ####......   100%        9    #######


Dungeon Overview and Level Annotations

Branches:
Dungeon (15/15)            Temple (0/1) D:6            Lair (6/6) D:8
 Shoals (4/4) Lair:4        Snake (4/4) Lair:2        Slime (5/5) Lair:5
    Orc (2/2) D:9             Elf (3/3) Orc:2        Vaults (5/5) D:13
  Crypt (3/3) Vaults:2       Tomb (3/3) Crypt:3      Depths (5/5) D:15
   Hell (1/1)                 Dis (0/7) Hell            Geh (7/7) Hell
    Coc (7/7) Hell            Tar (7/7) Hell            Zot (0/5) Depths:5

Altars:
Ashenzari
Dithmenos
Elyvilon
Fedhas
Gozag
Hepliaklqana
Okawaru
Qazlal
Sif Muna
Trog
Vehumet
Wu Jian
Xom
Yredelemnul
Zin
The Shining One
Beogh
Jiyva

Shops:
D:4 [   D:7 [   D:15 *(!*   Orc:1 (   Orc:2 [([   Elf:2 }:!(   Shoals:1 =
Shoals:3 %   Snake:3 =}=   Vaults:4 !   Vaults:5 [   Depths:2 *:

Portals:
Hell: Depths:1 Depths:2 Depths:3 Depths:4 Depths:5
Abyss: Depths:4 Depths:5
Pandemonium: Depths:1 Depths:3
Ziggurat: Depths:2


Innate Abilities, Weirdness & Mutations

You reflexively headbutt those who attack you in melee.
You have a pair of horns on your head.
You have a somewhat thin skeletal structure. (Dex +2, Stealth)
Your mind is very acute. (Int +4)
You are occasionally teleported next to monsters.


Message History

The hellion gestures at you.
The sphere of damnation explodes!
The damnation engulfs you!!
* * * LOW HITPOINT WARNING * * *
A red devil comes into view.
It is wielding a +1 trident of piercing.
A red devil comes into view.
It is wielding a +0 trident and carrying a wand of acid (7).
The sun demon shouts!
You hear a shout! x2; You hear an angry squeal. x3
You hear a shout!
As you read the scroll of teleportation, it crumbles to dust.
You feel strangely unstable.
A balrug comes into view. It is wielding a +0 demon whip.
A balrug comes into view.
It is wielding a +2 demon whip of venom.
The hellion gestures at you.
The sphere of damnation explodes!
The damnation engulfs you!!
* * * LOW HITPOINT WARNING * * *
You hear an angry squeal.
You feel much better.
You block the sun demon's attack. "We do not forgive those who trespass against us!"
There is a sudden explosion of magical energy!
The explosion engulfs you!!
You die...

.. +#'#
###... .
#.... ..
+...##.##
#...4....
#....22..
+@34#
##.......
'#'#'#+
.. 2. ###
##


You could see 2 balrugs, a sun demon, a hellion and 2 red devils.

Vanquished Creatures
  the Royal Jelly (Slime:5)
  4 ancient liches
  24 greater mummies
  Sojobo (Tomb:1)
  Vashnia (Snake:3)
  Bai Suzhen (Shoals:4)
  Margery (Depths:5)
  10 shard shrikes
  Geryon (Hell)
  A caustic shrike (shapeshifter) (D:15)
  A caustic shrike (Depths:2)
  2 golden dragons (Depths:4)
  2 profane servitors (Crypt:3)
  Jory (Depths:3)
  11 Tzitzimimeh
  A pearl dragon (Depths:1)
  12 bone dragons
  10 doom hounds
  Jorgrun (Orc:1)
  14 liches
  23 Brimstone Fiends
  8 tentacled monstrosities
  Rupert (D:15)
  4 Ice Fiends
  5 titans
  A deep elf master archer (Elf:3)
  30 acid blobs
  2 deep elf blademasters (Elf:3)
  2 quicksilver dragons
  A kraken (Shoals:1)
  8 eldritch tentacles
  11 ancient champions
  Frances (D:12)
  9 large abominations
  10 sphinxes
  6 tengu reavers
  Kirke (D:14)
  7 shadow dragons
  4 storm dragons
  12 azure jellies
  10 nagarajas
  2 revenants
  Roxanne (Snake:1)
  A draconian monk (Depths:5)
  10 fire giants
  6 balrugs
  10 frost giants
  5 iron dragons
  A cacodemon (Hell)
  8 deep elf sorcerers
  9 ghouls
  16 vault wardens
  11 deep elf elementalists
  4 spriggan defenders (Depths:3)
  A draconian annihilator (Depths:5)
  30 stone giants
  Aizul (Snake:1)
  22 ironheart preservers
  38 reapers
  An elemental wellspring (Coc:5)
  2 entropy weavers
  2 bennus (Tomb:3)
  A juggernaut skeleton (Depths:2)
  9 very ugly things
  A war gargoyle (Vaults:5)
  11 vampire knights
  2 black draconians (Depths:5)
  An ophan (Depths:1)
  4 dire elephants (Lair:6)
  8 deep elf annihilators
  4 deep elf demonologists
  2 white draconians (Depths:5)
  An apis (Depths:1)
  A green draconian (Depths:5)
  Azrael (Snake:1)
  A lorocyproca (Hell)
  2 yellow draconians (Depths:5)
  3 small abominations
  8 spark wasps
  8 deep elf death magi
  11 eidola
  3 merfolk javelineers (Shoals:4)
  13 quicksilver dragon zombies
  12 ettins
  12 fire dragons
  7 blizzard demons
  A green death (Tar:1)
  19 great orbs of eyes
  25 mummy priests
  5 merfolk impalers
  A kraken zombie (Coc:1)
  25 ogre magi
  11 jiangshi
  8 death oozes
  14 naga warriors
  17 yaktaur captains
  Erolcha (Orc:1)
  8 hydras
  Harold (Lair:1)
  6 deep elf high priests
  2 hell beasts
  5 rakshasas
  11 ice dragons
  40 vault guards
  12 quicksilver dragon skeletons
  6 ghost crabs
  9 merfolk avatars
  3 merfolk aquamancers
  2 catoblepae
  16 anacondas
  2 satyrs (shapeshifter) (Vaults:5)
  Erica (Lair:1)
  12 centaur warriors
  54 two-headed ogres
  An alligator snapping turtle (Shoals:4)
  3 death knights
  24 dancing weapons
  2 satyrs (Shoals:4)
  63 death scarabs
  A queen ant (shapeshifter) (Depths:2)
  4 deep troll earth magi
  3 death yaks (Shoals:3)
  15 deep troll shamans
  9 titan zombies
  58 hell hogs
  9 vampire magi
  30 deep elf knights
  10 shock serpents
  10 soul eaters
  4 orc high priests
  2 spriggan berserkers
  20 sun demons
  Sonja (D:11)
  16 naga sharpshooters
  11 storm dragon zombies
  3 iron trolls
  108 hell knights
  4 iron golems
  9 titan skeletons
  3 salamander mystics
  3 golden dragon zombies
  Nergalle (Lair:4)
  6 ghost moth zombies
  16 sea snakes
  7 storm dragon skeletons
  115 skeletal warriors
  5 shadow wraiths
  A quicksilver dragon simulacrum (Coc:3)
  4 glowing orange brains
  A sixfirhy (Hell)
  12 anaconda zombies
  22 flayed ghosts
  4 unseen horrors
  3 spriggan druids (Depths:3)
  7 shadow demons
  12 naga ritualists
  A swamp dragon (shapeshifter) (D:15)
  16 deep elf archers
  35 deep trolls
  A swamp dragon (Vaults:1)
  7 golden dragon skeletons
  5 wizards
  A sphinx zombie (Hell)
  33 necromancers
  40 phantasmal warriors
  19 harpies
  12 ironbrand convokers
  8 anaconda skeletons
  7 mana vipers
  4 shadow dragon zombies
  An orb spider (shapeshifter) (Depths:1)
  7 shining eyes
  10 fire giant zombies
  13 orc knights
  5 oklob plants
  3 wolf spiders
  A shining eye (shapeshifter) (Vaults:5)
  5 wolf spider zombies
  8 iron dragon zombies
  10 shadow dragon skeletons
  12 manticores
  76 deep elf magi
  8 salamanders
  2 orc sorcerers
  11 frost giant zombies
  27 ugly things
  12 cyclopes
  22 fauns
  9 iron dragon skeletons
  11 stone giant zombies
  Maurice (D:12)
  5 dire elephant zombies
  2 ice statues (IceCv)
  A guardian serpent (shapeshifter) (Depths:3)
  4 eyes of devastation
  3 stone giant skeletons
  22 elephants
  11 fire giant skeletons
  8 merfolk sirens
  49 black mambas
  11 frost giant skeletons
  2 moths of wrath (Lair:5)
  23 naga magi
  6 water nymphs
  21 guardian serpents
  7 rust devils
  3 smoke demons
  20 vault sentinels
  2 gargoyles
  2 orange demons (Hell)
  2 torpor snails (Lair:5)
  11 spiny frogs
  3 molten gargoyles
  7 dire elephant skeletons
  4 emperor scorpion zombies
  9 efreet
  26 hellions
  4 rime drakes
  A yaktaur (shapeshifter) (Depths:4)
  2 yaktaur zombies (Hell)
  43 ice devils
  8 komodo dragons
  6 kobold demonologists
  A shock serpent skeleton (Geh:2)
  38 freezing wraiths
  A minotaur zombie (Crypt:1)
  An anaconda simulacrum (Coc:6)
  A golden dragon simulacrum (Depths:2)
  37 guardian mummies
  39 tormentors
  63 yaktaurs
  A redback zombie (Crypt:1)
  2 tengu conjurers (D:13)
  3 hellwings
  A white draconian skeleton (Geh:6)
  33 red devils
  9 tyrant leeches (Lair:5)
  3 meliai (D:15)
  26 merfolk
  A minotaur skeleton (Tar:6)
  A jumping spider (shapeshifter) (Depths:2)
  6 trolls
  23 hydra zombies
  16 hornets
  4 silent spectres
  A polar bear (Lair:4)
  6 harpy zombies
  A merfolk (shapeshifter) (Depths:4)
  A meliai (shapeshifter) (Depths:3)
  Grinder (D:6)
  131 slime creatures
  9 hydra skeletons
  10 harpy skeletons
  A shadow dragon simulacrum (Coc:1)
  5 wind drakes
  4 blink frogs (Lair:3)
  A hippogriff (shapeshifter) (D:15)
  A tarantella zombie (Crypt:1)
  22 hippogriffs
  A bog body (Crypt:1)
  A frost giant simulacrum (Coc:1)
  6 ettin zombies
  A deep troll zombie (Hell)
  8 fire dragon zombies
  A meliai zombie (D:14)
  5 snapping turtles
  7 ice dragon zombies
  192 flying skulls
  11 alligator zombies
  9 dream sheep
  5 air elementals
  2 redbacks (shapeshifter)
  45 shadows
  14 ettin skeletons
  20 water elementals
  Sigmund (D:4)
  2 redbacks (Vaults:5)
  An alligator skeleton (Coc:2)
  9 spriggans (Depths:3)
  8 fire dragon skeletons
  4 black mamba zombies
  A human (D:8)
  2 dire elephant simulacra
  54 wraiths
  8 ice dragon skeletons
  5 wyverns
  22 ushabtiu
  A yak (shapeshifter) (Vaults:1)
  53 fire elementals
  26 yaks
  2 basilisks
  2 humans (shapeshifter)
  A tyrant leech zombie (Crypt:2)
  Grum (D:11)
  4 black mamba skeletons
  7 fire bats (Geh:2)
  15 golden eyes
  3 hogs (D:14)
  A chaos spawn (Shoals:2)
  A steam dragon (D:12)
  7 hungry ghosts
  6 vampire mosquitoes (D:15)
  Menkaure (D:5)
  A monstrous demonspawn zombie (Geh:1)
  9 wargs
  A merfolk zombie (Crypt:3)
  A spatial vortex (Geh:4)
  6 swamp worms (Lair:5)
  56 nagas
  A swamp worm (shapeshifter) (Vaults:3)
  2 hydra simulacra
  3 acid dragons
  10 water moccasins
  An acid dragon (shapeshifter) (Vaults:4)
  13 spiny frog zombies
  72 hell hounds
  4 porcupines
  35 orc warriors
  6 sky beasts
  6 spiny frog skeletons
  53 necrophages
  2 eyes of draining (shapeshifter)
  8 snapping turtle zombies
  A hornet zombie (D:11)
  18 ice beasts
  15 phantoms
  A swamp drake (shapeshifter) (Vaults:5)
  5 eyes of draining
  2 swamp dragon zombies (Geh:5)
  2 alligator simulacra
  A black bear (Lair:2)
  2 manticore zombies
  76 ogres
  12 boggarts
  15 wolves
  21 centaurs
  12 crocodiles
  5 snapping turtle skeletons
  A swamp dragon skeleton (Geh:4)
  5 big kobolds
  16 bullfrogs
  2 elf zombies (Geh:4)
  3 elf skeletons
  2 earth elementals
  A glowing shapeshifter simulacrum (Depths:2)
  5 jellies
  4 wyvern skeletons (Crypt:3)
  A snapping turtle simulacrum (Coc:3)
  A troll zombie (Tar:5)
  3 tengu zombies (Hell)
  A manticore simulacrum (Crypt:1)
  A troll skeleton (Geh:5)
  3 human simulacra
  A spriggan skeleton (Geh:5)
  An electric eel (Lair:1)
  158 wights
  A howler monkey (D:12)
  25 crimson imps
  4 bullfrog zombies
  A quasit (D:8)
  3 centaur zombies
  6 hounds
  An iron imp (Hell)
  12 orc priests
  3 human skeletons
  2 bullfrog skeletons
  5 centaur skeletons
  3 human zombies
  25 orc wizards
  2 hell rats (Lair:3)
  4 iguanas
  Natasha (thrice) (D:2)
  9 worker ants
  An ogre zombie (Tar:4)
  An acid dragon skeleton (Crypt:2)
  A naga skeleton (Geh:5)
  2 tengu skeletons
  A deep dwarf skeleton (Crypt:1)
  A hound zombie (D:8)
  55 mummies
  4 worker ant zombies
  14 gnolls
  20 adders
  2 howler monkey skeletons
  11 river rats (Lair:3)
  13 shadow imps
  17 white imps
  10 ufetubi (IceCv)
  3 oozes
  An adder skeleton (D:7)
  4 worms
  5 leopard geckos
  115 orcs
  5 ball pythons
  A bat zombie (Crypt:1)
  7 giant cockroaches
  A gnoll zombie (Crypt:1)
  15 goblins
  11 hobgoblins
  8 jackals (D:3)
  4 quokkas
  11 bats
  6 frilled lizards
  40 kobolds
  A kobold skeleton (Tar:4)
  A kobold zombie (Tar:1)
  An orc skeleton (Geh:2)
  A quokka skeleton (D:6)
  9 rats
  A crawling corpse (Vaults:2)
  5 fungi
  24 plants
  6 tentacles
  A withered plant (Crypt:3)
4609 creatures vanquished.

Vanquished Creatures (collateral kills)
  Mara (Shoals:4)
  Polyphemus (Shoals:3)
  Ilsuiw (Shoals:3)
  A blizzard demon (IceCv)
  2 merfolk impalers
  A satyr (Shoals:3)
  A merfolk aquamancer (Shoals:4)
  A sea snake (Shoals:4)
  A faun (Shoals:4)
  A water nymph (Shoals:3)
  2 merfolk
  A water elemental (Shoals:4)
  3 plants (Shoals:4)
17 creatures vanquished.

Vanquished Creatures (others)
  2 deep elf master archers (Elf:3)
  An eldritch tentacle (Geh:4)
  A tengu reaver (Tomb:1)
  A fire giant (Depths:3)
  2 merfolk javelineers
  A centaur warrior (D:14)
  3 satyrs
  A death scarab (Tomb:2)
  A hell hog (Geh:2)
  A storm dragon zombie (Geh:4)
  A deep elf knight (Vaults:5)
  A necromancer (Geh:3)
  A deep elf archer (Elf:3)
  3 cyclopes
  A faun (Shoals:2)
  A black mamba (Snake:3)
  3 yaktaurs
  A flying skull (Geh:3)
  A wraith (Geh:7)
  A shadow (Tar:5)
  2 boggarts (Vaults:2)
  3 wights
  2 white imps (IceCv)
  2 ufetubi (IceCv)
  A ball lightning (Shoals:2)
  An orc (Elf:1)
  A crawling corpse (Vaults:5)
  9 fungi
  46 plants
  11 tentacles
  2 withered plants (D:11)
108 creatures vanquished.

Grand Total: 4734 creatures vanquished

Notes
Turn   | Place    | Note
-------+----------+-------------------------------------------
     0 | D:1      | diana the Minotaur Fighter began the quest for the Orb.
     0 | D:1      | Reached XP level 1. HP: 19/19 MP: 0/0
   150 | D:1      | Reached XP level 2. HP: 26/27 MP: 1/1
   339 | D:1      | Found a shattered altar of Ashenzari.
   855 | D:2      | Found an ornate altar of the Wu Jian Council.
   869 | D:2      | Found a white marble altar of Elyvilon.
   890 | D:2      | Found a blossoming altar of Fedhas.
   907 | D:2      | Found a stormy altar of Qazlal.
   935 | D:2      | Noticed Natasha
   938 | D:2      | Killed Natasha
   938 | D:2      | Reached XP level 3. HP: 31/33 MP: 2/2
  1220 | D:2      | Reached XP level 4. HP: 27/40 MP: 3/3
  1309 | D:2      | Noticed Natasha
  1314 | D:2      | Killed Natasha
  1374 | D:2      | Found a radiant altar of Vehumet.
  1418 | D:2      | Found an opulent altar of Gozag.
  1536 | D:2      | Noticed Natasha
  1545 | D:2      | Killed Natasha
  1545 | D:2      | Reached skill level 5 in Shields
  1723 | D:3      | Reached XP level 5. HP: 44/46 MP: 4/4
  1886 | D:3      | Reached skill level 5 in Armour
  1890 | D:3      | Found a shadowy altar of Dithmenos.
  2293 | D:3      | Reached XP level 6. HP: 40/52 MP: 5/5
  2633 | D:4      | Noticed an orc warrior
  2836 | D:4      | Found an iron altar of Okawaru.
  2848 | D:4      | Became a worshipper of Warmaster Okawaru
  3020 | D:4      | Found a hazy altar of Hepliaklqana.
  3021 | D:4      | Noticed Sigmund
  3295 | D:4      | Found Yhet's Antique Armour Emporium.
  3465 | D:4      | Reached skill level 5 in Axes
  3546 | D:4      | Killed Sigmund
  3546 | D:4      | Reached * piety under Okawaru
  3546 | D:4      | Reached XP level 7. HP: 55/59 MP: 6/6
  4125 | D:5      | Entered Level 5 of the Dungeon
  4164 | D:5      | Noticed Menkaure
  4170 | D:5      | Killed Menkaure
  4273 | D:5      | Found a bloodstained altar of Trog.
  4555 | D:5      | Reached skill level 1 in Invocations
  4785 | D:5      | Reached XP level 8. HP: 62/66 MP: 8/8
  5025 | D:6      | Noticed Grinder
  5130 | D:5      | Reached ** piety under Okawaru
  5386 | D:6      | Found a staircase to the Ecumenical Temple.
  5419 | D:6      | HP: 2/66 [something/magic dart (6)]
  5856 | D:6      | Paralysed by Grinder for 3 turns
  5870 | D:6      | Killed Grinder
  5979 | D:6      | Reached skill level 5 in Invocations
  6154 | D:6      | Reached *** piety under Okawaru
  6313 | D:6      | Reached XP level 9. HP: 61/71 MP: 10/12
  7414 | D:7      | Reached skill level 10 in Axes
  7476 | D:7      | Found a shimmering altar of Xom.
  7476 | D:7      | Found a glowing silver altar of Zin.
  7476 | D:7      | Noticed an angel
  8016 | D:7      | Paralysed by a hornet for 1 turns
  8101 | D:7      | Reached **** piety under Okawaru
  8104 | D:7      | Received a gift from Okawaru
  8183 | D:7      | Found Feuloa's Armour Shop.
  8285 | D:4      | Bought a dazzling scale mail for 234 gold pieces
  8295 | D:4      | Identified the cursed +0 scale mail of Joy {rN+} (You
                  | bought it in a shop on level 4 of the Dungeon)
  8746 | D:8      | Received a gift from Okawaru
  8830 | D:8      | Reached XP level 10. HP: 60/78 MP: 14/14
  8945 | D:8      | Noticed a two-headed ogre
  9091 | D:8      | Killed a two-headed ogre
  9091 | D:8      | Reached ***** piety under Okawaru
  9420 | D:8      | Found a staircase to the Lair.
 10018 | D:9      | Noticed a two-headed ogre
 10029 | D:9      | Killed a two-headed ogre
 10033 | D:9      | Received a gift from Okawaru
 10040 | D:9      | Got a pitted ring mail {god gift}
 10052 | D:9      | Identified the +4 ring mail of Gehenna {Str+2} (Okawaru
                  | gifted it to you on level 9 of the Dungeon)
 10273 | D:9      | Found a staircase to the Orcish Mines.
 10469 | D:10     | Entered Level 10 of the Dungeon
 10491 | D:10     | Found an opulent altar of Gozag.
 10538 | D:10     | Found a roughly hewn altar of Beogh.
 10544 | D:10     | Reached skill level 15 in Axes
 10625 | D:10     | Found an ornate altar of the Wu Jian Council.
 11079 | D:11     | Noticed a four-headed hydra
 11086 | D:11     | Killed a four-headed hydra
 11086 | D:11     | Reached skill level 1 in Dodging
 11086 | D:11     | Reached XP level 11. HP: 68/84 MP: 12/15
 11142 | D:11     | Noticed a five-headed hydra
 11189 | D:11     | Noticed a white ugly thing
 11205 | D:11     | Reached skill level 1 in Throwing
 11211 | D:11     | Killed a white ugly thing
 11362 | D:11     | Noticed Sonja
 11366 | D:11     | Killed Sonja
 11366 | D:11     | Reached skill level 5 in Fighting
 11408 | D:11     | Found a flagged portal.
 11559 | Bailey   | Entered a bailey
 11902 | Bailey   | Noticed an orc knight
 11917 | Bailey   | Killed an orc knight
 12553 | D:11     | Noticed a sun demon
 12556 | D:11     | Received a gift from Okawaru
 12557 | D:11     | Found the -2 hat of the Alchemist {rElec rPois rF+ rC+ rN+
                  | MR+ rMut rCorr}
 12662 | D:11     | Found a stormy altar of Qazlal.
 12828 | D:11     | Killed a five-headed hydra
 13053 | D:11     | Noticed a two-headed ogre
 13064 | D:11     | Killed a two-headed ogre
 13294 | D:11     | Reached XP level 12. HP: 95/96 MP: 16/16
 13318 | D:11     | Identified the ring "Bokezeim" {rPois MR+ Str+6}
 13339 | D:11     | Reached skill level 10 in Shields
 13650 | D:11     | Got a warped bronze ring
 13653 | D:11     | Got a fine copper ring
 13669 | D:11     | Identified the ring "Ucawk" {+Fly MP+9} (You found it on
                  | level 11 of the Dungeon)
 13671 | D:11     | Identified the ring "Suinaf" {Wiz SInv} (You found it on
                  | level 11 of the Dungeon)
 13675 | D:11     | Got a heavily runed iron ring
 13677 | D:11     | Identified the ring "Zuamaome" {Str+4 Dex+5} (You found it
                  | on level 11 of the Dungeon)
 13773 | D:11     | Noticed Grum
 13785 | D:11     | Killed Grum
 13893 | D:11     | Identified a scroll of acquirement
 14159 | Lair:1   | Entered Level 1 of the Lair of Beasts
 14159 | Lair:1   | Noticed Erica
 14169 | Lair:1   | Killed Erica
 14169 | Lair:1   | Reached skill level 5 in Dodging
 14301 | Lair:1   | Noticed Harold
 14315 | Lair:1   | Killed Harold
 14315 | Lair:1   | Received a gift from Okawaru
 14316 | Lair:1   | Got a pair of brightly glowing gloves {god gift}
 14327 | Lair:1   | Identified the +1 pair of gloves of Kuvuiz {rElec rC-
                  | Dex+4} (Okawaru gifted it to you on level 1 of the Lair of
                  | Beasts)
 14486 | Lair:1   | Found a blossoming altar of Fedhas.
 14732 | Lair:1   | Identified the Compendium of Doomed Shape Shifting
 15099 | Lair:2   | Found a staircase to the Snake Pit.
 15277 | Lair:2   | Noticed a catoblepas
 15284 | Lair:2   | Killed a catoblepas
 15284 | Lair:2   | Reached skill level 5 in Throwing
 16024 | Lair:2   | Reached XP level 13. HP: 107/107 MP: 17/17
 16234 | Lair:3   | Reached skill level 10 in Armour
 16827 | Lair:4   | Noticed Nergalle
 16839 | Lair:4   | Killed Nergalle
 16871 | Lair:4   | Received a gift from Okawaru
 17042 | Lair:4   | Found a staircase to the Shoals.
 17195 | Lair:4   | Reached XP level 14. HP: 94/118 MP: 18/18
 17683 | Lair:5   | Reached skill level 15 in Shields
 17942 | Lair:5   | Received a gift from Okawaru
 17996 | Lair:5   | Reached skill level 10 in Fighting
 18320 | Lair:5   | Found a staircase to the Slime Pits.
 18320 | Lair:5   | Found a viscous altar of Jiyva.
 18580 | Lair:6   | Entered Level 6 of the Lair of Beasts
 19123 | Lair:6   | Reached XP level 15. HP: 128/128 MP: 19/19
 19385 | Lair:6   | Reached ****** piety under Okawaru
 19515 | Lair:6   | Got an ancient platinum ring
 19688 | Lair:6   | Identified the ring "Moprippa" {*Tele Int+2 Dex+2 SInv}
                  | (You found it on level 6 of the Lair of Beasts)
 19976 | Lair:6   | Found the +3 warlock's mirror {reflect}
 19985 | Lair:6   | Received a gift from Okawaru
 20344 | Lair:6   | Reached skill level 10 in Dodging
 20634 | D:7      | Bought the +2 shield of Resistance {rF+ rC+ MR+} for 575
                  | gold pieces
 20634 | D:7      | Found the +2 shield of Resistance {rF+ rC+ MR+}
 20745 | D:4      | Bought a jasper-encrusted ring mail for 234 gold pieces
 20755 | D:4      | Identified the cursed +1 ring mail of Huil {rC+ rN+ Int-5}
                  | (You bought it in a shop on level 4 of the Dungeon)
 20909 | Orc:1    | Entered Level 1 of the Orcish Mines
 21049 | Orc:1    | Found Kiorphij's Antique Weapon Boutique.
 21096 | Orc:1    | Noticed Erolcha
 21101 | Orc:1    | Killed Erolcha
 21295 | Orc:2    | Entered Level 2 of the Orcish Mines
 21349 | Orc:1    | Noticed Jorgrun
 21364 | Orc:1    | Killed Jorgrun
 21609 | Orc:2    | Received a gift from Okawaru
 21636 | Orc:2    | Found Puim Wuhur's Armour Shop.
 21636 | Orc:2    | Found Hozijime's General Store.
 21645 | Orc:2    | Got a bloodstained chain mail {god gift}
 21656 | Orc:2    | Identified the +1 chain mail of the Sacrificial Victim
                  | {Str+3 Stlth+} (Okawaru gifted it to you on level 2 of the
                  | Orcish Mines)
 21671 | Orc:2    | Found Osiunn's Armour Emporium.
 21671 | Orc:2    | Found Tinyil's Weapon Shop.
 21833 | Orc:2    | Found a staircase to the Elven Halls.
 22879 | D:12     | Noticed Maurice
 22888 | D:12     | Killed Maurice
 22938 | D:12     | Noticed Frances
 22943 | D:12     | Killed Frances
 23310 | D:13     | Reached XP level 16. HP: 144/144 MP: 20/20
 23334 | D:13     | Found a gate to the Vaults.
 23398 | D:13     | Received a gift from Okawaru
 24347 | D:14     | Noticed Kirke
 24357 | D:14     | Killed Kirke
 24527 | D:14     | Reached skill level 15 in Armour
 24814 | D:15     | Entered Level 15 of the Dungeon
 24833 | D:15     | Received a gift from Okawaru
 24865 | D:15     | Noticed Rupert
 24878 | D:15     | Killed Rupert
 24880 | D:15     | Found Umouk's Assorted Antiques.
 25136 | D:15     | Found Tiodarik's Distillery.
 25145 | D:15     | Found Liewker's Weapon Boutique.
 25330 | D:15     | Found Pogod's General Store.
 25667 | D:15     | Received a gift from Okawaru
 25670 | D:15     | Got a blackened war axe {god gift}
 25671 | D:15     | Identified the +4 war axe "Minotaur's Bane" {chop, rF+ rC+
                  | MP-9} (Okawaru gifted it to you on level 15 of the Dungeon)
 25690 | D:15     | Found a staircase to the Depths.
 25691 | D:15     | Noticed an acid blob
 25691 | D:15     | Noticed an iron giant
 25691 | D:15     | an acid blob changed into an iron giant
 25695 | D:15     | Noticed an acid blob
 25695 | D:15     | an iron giant changed into an acid blob
 25698 | D:15     | Noticed a caustic shrike
 25698 | D:15     | an acid blob changed into a caustic shrike
 25700 | D:15     | Noticed an iron giant
 25700 | D:15     | a caustic shrike changed into an iron giant
 25962 | D:15     | Noticed a caustic shrike
 25962 | D:15     | Noticed a shadow dragon
 25962 | D:15     | a caustic shrike changed into a shadow dragon
 25968 | D:15     | Noticed a caustic shrike
 25974 | D:15     | Killed a caustic shrike
 26262 | Snake:1  | Entered Level 1 of the Snake Pit
 26338 | Snake:1  | Reached skill level 15 in Fighting
 26529 | Snake:1  | Noticed Aizul
 26537 | Snake:1  | Killed Aizul
 26693 | Snake:1  | Received a gift from Okawaru
 26705 | Snake:1  | Reached XP level 17. HP: 31/156 MP: 21/21
 27080 | Snake:1  | Received a gift from Okawaru
 27082 | Snake:1  | Noticed Azrael
 27095 | Snake:1  | Killed Azrael
 27176 | Snake:1  | Noticed Roxanne
 27257 | Snake:1  | Killed Roxanne
 28019 | Snake:2  | Got a faintly humming leather armour
 28030 | Snake:2  | Identified the +1 leather armour "Qahuoc" {rPois rN+ MR+
                  | MP+9} (You found it on level 2 of the Snake Pit)
 28798 | Snake:3  | Reached skill level 15 in Dodging
 28821 | Snake:3  | Received a gift from Okawaru
 28905 | Snake:3  | Noticed Vashnia
 28926 | Snake:3  | Killed Vashnia
 29692 | Snake:3  | Reached skill level 10 in Throwing
 29788 | Snake:3  | Found Irryroco's Jewellery Emporium.
 29788 | Snake:3  | Found Letweol's Gadget Shop.
 29789 | Snake:3  | Found Ihanidde's Jewellery Emporium.
 29827 | Snake:4  | Entered Level 4 of the Snake Pit
 29978 | Snake:4  | Received a gift from Okawaru
 29980 | Snake:4  | Reached XP level 18. HP: 139/163 MP: 22/22
 30171 | Snake:4  | Reached skill level 1 in Evocations
 30311 | Snake:4  | Received a gift from Okawaru
 30678 | Snake:4  | Received a gift from Okawaru
 30692 | Snake:4  | Got an ichor-stained plate armour {god gift}
 31074 | Snake:4  | Identified the +1 plate armour of the Harvest {Str+5 Int-2}
                  | (Okawaru gifted it to you on level 4 of the Snake Pit)
 31162 | Snake:4  | Reached skill level 5 in Evocations
 31235 | Snake:4  | Got a serpentine rune of Zot
 31624 | Elf:1    | Entered Level 1 of the Elven Halls
 31841 | Elf:1    | Received a gift from Okawaru
 32682 | Elf:1    | Reached XP level 19. HP: 170/170 MP: 23/23
 32819 | Elf:2    | Found Kenoer's Book Emporium.
 32861 | Elf:2    | Found Lucaxal's Distillery.
 32864 | Elf:2    | Bought a potion of curing for 45 gold pieces
 32864 | Elf:2    | Bought a potion of curing for 45 gold pieces
 32864 | Elf:2    | Bought a potion of curing for 45 gold pieces
 32864 | Elf:2    | Bought a potion of heal wounds for 75 gold pieces
 32864 | Elf:2    | Bought a potion of curing for 45 gold pieces
 32864 | Elf:2    | Bought a potion of resistance for 150 gold pieces
 32864 | Elf:2    | Bought a potion of heal wounds for 75 gold pieces
 32864 | Elf:2    | Bought a potion of agility for 60 gold pieces
 32873 | Elf:2    | Found a deep blue altar of Sif Muna.
 32898 | Elf:2    | Identified the amulet of Siwuriew {RegenMP rF+ Str+5}
 32947 | Elf:2    | Identified the Almanac of the Entourage
 33035 | Elf:2    | Found Zahim's Gadget Boutique.
 33069 | Elf:2    | Identified the +9 scale mail "Uwelikku" {rPois rC- Str+3
                  | Int+2} (You found it on level 2 of the Elven Halls)
 33150 | Elf:2    | Received a gift from Okawaru
 33161 | Elf:2    | Got a slimy ring mail {god gift}
 33172 | Elf:2    | Identified the +10 ring mail "Gudez" {rC+ MP+9 Str+3}
                  | (Okawaru gifted it to you on level 2 of the Elven Halls)
 33368 | Elf:2    | Found Bexzul's Antique Weapon Emporium.
 33406 | Elf:2    | Found a huge runed translucent gate.
 33406 | Elf:2    | Found a huge runed translucent gate.
 33406 | Elf:2    | Found a huge runed translucent gate.
 33455 | Elf:2    | Bought a box of beasts for 300 gold pieces
 33677 | Elf:2    | Found a huge runed translucent gate.
 33677 | Elf:2    | Found a huge runed translucent gate.
 34564 | Elf:3    | Entered Level 3 of the Elven Halls
 34839 | Elf:3    | Received a gift from Okawaru
 35328 | Elf:3    | Identified the +3 short sword "Ymeyl" {pierce, rF- rN+
                  | Dex+3}
 35338 | Elf:3    | Reached XP level 20. HP: 147/178 MP: 26/26
 35365 | Elf:3    | Got a dazzling cloak
 35376 | Elf:3    | Identified the +0 cloak of Tasmi {rElec rF+} (You found it
                  | on level 3 of the Elven Halls)
 35404 | Elf:3    | Identified the Catalogue of Cold
 35406 | Elf:3    | Identified the Volume of the Sinister Traveller
 36293 | Shoals:1 | Entered Level 1 of the Shoals
 36727 | Shoals:1 | Received a gift from Okawaru
 36731 | Shoals:1 | Reached skill level 10 in Evocations
 36879 | Shoals:1 | Found Qots's Jewellery Boutique.
 37084 | Shoals:1 | Received a gift from Okawaru
 37548 | Shoals:2 | Found a transporter.
 37741 | Shoals:2 | Received a gift from Okawaru
 37742 | Shoals:2 | Found the +14 obsidian axe {chop, +Fly SInv *Curse}
 37934 | Shoals:2 | Found a transporter.
 38262 | Shoals:2 | Got a pitted pewter ring
 38276 | Shoals:2 | Got a brightly glowing golden ring
 38278 | Shoals:2 | Identified the ring "Fisupiud" {rCorr Dex+2} (You found it
                  | on level 2 of the Shoals)
 38280 | Shoals:2 | Identified the ring of Xaba Hoss {-Tele MR+ Dex+8} (You
                  | found it on level 2 of the Shoals)
 38377 | Shoals:3 | Found Onkeci's Food Emporium.
 38444 | Shoals:3 | Found a frozen archway.
 38453 | IceCv    | Entered an ice cave
 38954 | Shoals:3 | Noticed Polyphemus
 38971 | Shoals:3 | Killed Polyphemus
 39168 | Shoals:3 | Received a gift from Okawaru
 39343 | Shoals:3 | Noticed Ilsuiw
 39360 | Shoals:3 | Killed Ilsuiw
 39463 | Shoals:4 | Entered Level 4 of the Shoals
 39551 | Shoals:4 | Noticed Mara
 39579 | Shoals:4 | Noticed diana's illusion
 39595 | Shoals:4 | Killed Mara
 39824 | Shoals:4 | Reached XP level 21. HP: 161/184 MP: 27/27
 39845 | Shoals:4 | Noticed Bai Suzhen
 39862 | Shoals:4 | Killed Bai Suzhen
 40197 | Shoals:4 | Got a barnacled rune of Zot
 40510 | Lair:1   | Identified the +0 broad axe of Compound Interest {chop,
                  | rElec Int+3} (You acquired it on level 1 of the Lair of
                  | Beasts)
 41098 | Vaults:1 | Entered Level 1 of the Vaults
 41108 | Vaults:1 | Received a gift from Okawaru
 41444 | Vaults:1 | Reached skill level 1 in Maces & Flails
 41582 | Vaults:1 | Got a dazzling broad axe
 41583 | Vaults:1 | Identified the +1 broad axe of Cowardice {chop, SInv} (You
                  | acquired it on level 1 of the Vaults)
 41664 | Vaults:1 | Received a gift from Okawaru
 41718 | Vaults:1 | Received a gift from Okawaru
 41890 | Vaults:1 | Reached skill level 5 in Maces & Flails
 42457 | Depths:1 | Entered Level 1 of the Depths
 42475 | Depths:1 | Found a gateway to Hell.
 42517 | Depths:1 | Reached XP level 22. HP: 118/192 MP: 28/28
 42521 | Depths:1 | Received a gift from Okawaru
 42547 | Depths:1 | Received a gift from Okawaru
 42683 | Depths:1 | Found a one-way gate leading to the halls of Pandemonium.
 42725 | Depths:1 | Found a flickering gateway to a bazaar.
 42735 | Bazaar   | Entered a bazaar
 42750 | Bazaar   | Found Qaum's Antique Weapon Emporium.
 42765 | Bazaar   | Found Hyqaiclu's Antique Weapon Shoppe.
 42780 | Bazaar   | Found Piungitt's Gadget Emporium.
 42780 | Bazaar   | Found Impapuas's Armour Shoppe.
 42801 | Bazaar   | Found Xompu's Assorted Antiques.
 42801 | Bazaar   | Found Pamuych's Weapon Shoppe.
 42811 | Bazaar   | Bought a potion of curing for 81 gold pieces
 42811 | Bazaar   | Bought a scroll of teleportation for 81 gold pieces
 42929 | Bazaar   | Bought the +4 broad axe of Nightmares {protect, rC+ Str+6
                  | Int-3} for 586 gold pieces
 42935 | Bazaar   | Bought a potion of mutation for 216 gold pieces
 42978 | Depths:2 | Found Xoumuiv's Book Shoppe.
 43052 | Depths:2 | Found a gateway to a ziggurat.
 43118 | Depths:1 | Received a gift from Okawaru
 43184 | Depths:1 | Found a glowing golden altar of the Shining One.
 43184 | Depths:1 | Found a white marble altar of Elyvilon.
 43184 | Depths:1 | Found a glowing silver altar of Zin.
 43847 | Depths:2 | Found Puwyck's Assorted Antiques.
 43855 | Depths:2 | Bought 2 potions of curing for 186 gold pieces
 43855 | Depths:2 | Bought a potion of heal wounds for 155 gold pieces
 43855 | Depths:2 | Bought a scroll of teleportation for 93 gold pieces
 43861 | Depths:2 | Reached skill level 10 in Maces & Flails
 44485 | Depths:2 | Identified the cursed +0 scale mail "Giky" {rPois} (You
                  | found it on level 2 of the Depths)
 44516 | Depths:2 | Got a shimmering amber ring
 44518 | Depths:2 | Identified the ring "Xajeb" {Ice Str+2} (You found it on
                  | level 2 of the Depths)
 44528 | Depths:2 | Found the +0 pair of fencer's gloves {Riposte Dex+3}
 44555 | Depths:2 | Noticed a caustic shrike
 44561 | Depths:2 | Killed a caustic shrike
 45500 | Vaults:2 | Received a gift from Okawaru
 45615 | Vaults:2 | Found a staircase to the Crypt.
 46076 | Vaults:2 | Reached XP level 23. HP: 206/206 MP: 29/29
 46896 | Vaults:3 | Received a gift from Okawaru
 46905 | Vaults:3 | Got a crude broad axe {god gift}
 46906 | Vaults:3 | Identified the +1 broad axe of Offence {speed, *Slow rElec
                  | rN++ Int+3} (Okawaru gifted it to you on level 3 of the
                  | Vaults)
 47324 | Vaults:3 | Reached skill level 10 in Invocations
 47651 | Vaults:3 | Received a gift from Okawaru
 47661 | Vaults:3 | Got a transparent war axe {god gift}
 47662 | Vaults:3 | Identified the +5 war axe "Hukualae" {chop, rPois} (Okawaru
                  | gifted it to you on level 3 of the Vaults)
 47886 | Vaults:4 | Found Kehose Zima's Distillery.
 47894 | Vaults:4 | Bought a potion of ambrosia for 96 gold pieces
 47894 | Vaults:4 | Bought a potion of heal wounds for 60 gold pieces
 47894 | Vaults:4 | Bought a potion of agility for 48 gold pieces
 47894 | Vaults:4 | Bought a potion of agility for 48 gold pieces
 48629 | Vaults:4 | Received a gift from Okawaru
 49198 | Vaults:5 | Entered Level 5 of the Vaults
 49221 | Vaults:5 | Reached XP level 24. HP: 213/228 MP: 29/29
 49256 | Vaults:5 | Received a gift from Okawaru
 49393 | Vaults:5 | Reached skill level 1 in Spellcasting
 49456 | Vaults:5 | Reached skill level 5 in Spellcasting
 49462 | Vaults:4 | Received a gift from Okawaru
 50035 | Vaults:5 | Found Ibefraaq's Antique Armour Shop.
 50035 | Vaults:5 | Identified the +5 rapier of the Rat {venom, +Inv rF++ rN+
                  | Stlth-}
 50035 | Vaults:5 | Identified the +2 robe "Awamidgh" {+Fly MR++ SInv}
 50051 | Vaults:5 | Identified the Incunabulum of Destructive Malediction
 50121 | Vaults:5 | Received a gift from Okawaru
 50128 | Vaults:5 | Received a gift from Okawaru
 50245 | Vaults:5 | Got a silver rune of Zot
 50537 | Vaults:5 | Received a gift from Okawaru
 50650 | Vaults:5 | Identified the +1 long sword "Rimem" {holy, rPois rF+
                  | Int-2}
 50860 | Vaults:5 | Identified the amulet of Zufeac {Inacc Dex+3 Stlth+} (You
                  | found it on level 5 of the Vaults)
 51637 | Depths:3 | Received a gift from Okawaru
 51637 | Depths:3 | Reached XP level 25. HP: 220/238 MP: 35/35
 51647 | Depths:3 | Noticed Jory
 51665 | Depths:3 | Killed Jory
 51848 | Depths:3 | You fall through a shaft for 2 floors!
 51848 | Depths:5 | Entered Level 5 of the Depths
 51930 | Depths:5 | Found a one-way gate to the infinite horrors of the Abyss.
 51951 | Depths:4 | Received a gift from Okawaru
 52379 | Depths:3 | Received a gift from Okawaru
 53246 | Hell     | Entered the Vestibule of Hell
 53246 | Hell     | Noticed Geryon
 53259 | Hell     | Reached skill level 10 in Spellcasting
 53267 | Hell     | Killed Geryon
 53278 | Hell     | Gained mutation: Your spells are a little easier to cast,
                  | but a little less powerful. [a cacodemon]
 53658 | Hell     | Noticed an ancient lich
 53699 | Hell     | Killed an ancient lich
 53907 | Hell     | Found a gateway to the decaying netherworld of Tartarus.
 53964 | Hell     | Found a gateway to the freezing wastes of Cocytus.
 54239 | Hell     | Found a gateway to the Iron City of Dis.
 54311 | Hell     | Found a gateway to the ashen valley of Gehenna.
 54455 | Depths:4 | Received a gift from Okawaru
 54845 | Depths:4 | Reached XP level 26. HP: 226/246 MP: 36/36
 54920 | Depths:4 | Identified the +5 chain mail of the Twelve Nights {rElec
                  | MR- Int+4} (You found it on level 4 of the Depths)
 55232 | Depths:5 | Noticed Margery
 55248 | Depths:5 | Killed Margery
 55577 | Depths:5 | Found a gate to the Realm of Zot.
 56122 | Geh:1    | Entered Level 1 of Gehenna
 56174 | Geh:1    | Received a gift from Okawaru
 56635 | Slime:1  | Entered Level 1 of the Pits of Slime
 56808 | Slime:1  | Gained mutation: Armour fits poorly on your strangely
                  | shaped body. [a shining eye]
 56942 | Slime:2  | Received a gift from Okawaru
 57165 | Slime:3  | Received a gift from Okawaru
 57989 | Slime:5  | Entered Level 5 of the Pits of Slime
 58113 | Slime:5  | Noticed the Royal Jelly
 58290 | Slime:5  | Killed the Royal Jelly
 58421 | Slime:5  | Got a spiked scale mail
 58433 | Slime:5  | Identified the +2 scale mail "Memejev" {+Inv Dex+2} (You
                  | found it on level 5 of the Pits of Slime)
 58466 | Slime:5  | Got a slimy rune of Zot
 58497 | Slime:5  | Got a shimmering platinum ring
 58500 | Slime:5  | Got a transparent bone ring
 58528 | Slime:5  | Identified Sif Muna's Compendium of the Snowflakes and Evil
                  | Magic
 58539 | Slime:5  | Identified the ring "Gaerich" {*Tele Dex+6} (You found it
                  | on level 5 of the Pits of Slime)
 58540 | Slime:5  | Identified the ring of Ymuogai {+Blink rPois rF- Slay+2
                  | Stlth-} (You found it on level 5 of the Pits of Slime)
 59212 | Slime:1  | Reached XP level 27. HP: 254/254 MP: 36/36
 59245 | Slime:1  | Received a gift from Okawaru
 59607 | Lair:1   | Got a crude morningstar
 59608 | Lair:1   | Identified the +10 morningstar of Discord {venom, Int+7
                  | SInv} (You acquired it on level 1 of the Lair of Beasts)
 59625 | Lair:1   | Lost mutation: Armour fits poorly on your strangely shaped
                  | body. [potion of mutation]
 59625 | Lair:1   | Lost mutation: Your spells are a little easier to cast, but
                  | a little less powerful. [potion of mutation]
 59625 | Lair:1   | Gained mutation: You are dopey. (Int -2) [potion of
                  | mutation]
 59625 | Lair:1   | Gained mutation: Your body sometimes deteriorates upon
                  | taking damage. [potion of mutation]
 59625 | Lair:1   | Lost mutation: You are dopey. (Int -2) [potion of mutation]
 59625 | Lair:1   | Gained mutation: You are partially covered in slimy green
                  | scales. (AC +2) [potion of mutation]
 59626 | Lair:1   | Lost mutation: Your body sometimes deteriorates upon taking
                  | damage. [potion of mutation]
 59626 | Lair:1   | Lost mutation: You are partially covered in slimy green
                  | scales. (AC +2) [potion of mutation]
 59626 | Lair:1   | Gained mutation: Your mind is acute. (Int +2) [potion of
                  | mutation]
 59626 | Lair:1   | Gained mutation: Your system is resistant to poisons.
                  | (rPois) [potion of mutation]
 59854 | Elf:2    | Bought the +10 morningstar "Eos" {elec, Halo rElec} for
                  | 2294 gold pieces
 59854 | Elf:2    | Found the +10 morningstar "Eos" {elec, Halo rElec}
 60180 | Snake:3  | Bought the ring "Ashef" {rC- rN++ Str+3 SInv Stlth+} for
                  | 498 gold pieces
 60554 | Crypt:1  | Entered Level 1 of the Crypt
 60562 | Crypt:1  | Learned a level 6 spell: Statue Form
 61703 | Crypt:3  | Entered Level 3 of the Crypt
 62141 | Crypt:3  | Found a basalt altar of Yredelemnul.
 62537 | Crypt:3  | Received a gift from Okawaru
 62592 | Crypt:3  | Found a staircase to the Tomb.
 62604 | Crypt:3  | Got a heavily runed bone ring
 62604 | Crypt:3  | Got a shimmering steel amulet
 62604 | Crypt:3  | Got a transparent granite ring
 62722 | Crypt:3  | Identified the ring of Qieblop {rF++ rN+ Dex+2} (You found
                  | it on level 3 of the Crypt)
 62723 | Crypt:3  | Identified the ring "Fudom" {rN+ Str+2 Dex+4 SInv} (You
                  | found it on level 3 of the Crypt)
 62724 | Crypt:3  | Identified the amulet "Disaz" {rElec Regen+ SInv} (You
                  | found it on level 3 of the Crypt)
 62798 | Crypt:3  | Reached skill level 15 in Throwing
 62848 | Crypt:3  | Received a gift from Okawaru
 62882 | Crypt:3  | Identified Kikubaaqudgha's Disquisition on Stolen Souls
 63405 | Tomb:1   | Entered Level 1 of the Tomb of the Ancients
 63439 | Tomb:1   | Noticed Sojobo
 63469 | Tomb:1   | Killed Sojobo
 64100 | Crypt:3  | Identified the cursed +3 executioner's axe of Tenacity
                  | {venom, rC+ rN+ Stlth+} (You found it on level 3 of the
                  | Crypt)
 65199 | Tomb:1   | Noticed a greater mummy
 65206 | Tomb:1   | Killed a greater mummy
 67647 | Geh:1    | You are sucked into a shaft!
 67663 | Geh:2    | Received a gift from Okawaru
 67870 | Geh:3    | Gained mutation: You are clumsy. (Dex -2) [mutagenic glow]
 67961 | Hell     | Gained mutation: Your body sometimes deteriorates upon
                  | taking damage. [mutagenic glow]
 68512 | Geh:2    | Received a gift from Okawaru
 68752 | Geh:3    | Reached skill level 15 in Maces & Flails
 69256 | Geh:4    | Received a gift from Okawaru
 71280 | Hell     | Received a gift from Okawaru
 71862 | Geh:5    | Learned a level 1 spell: Apportation
 71957 | Geh:5    | Received a gift from Okawaru
 72284 | Geh:5    | Received a gift from Okawaru
 72905 | Geh:6    | Received a gift from Okawaru
 73064 | Geh:6    | Received a gift from Okawaru
 73212 | Geh:6    | Gained mutation: Your magical capacity is low. (-10% MP)
                  | [mutagenic glow]
 73426 | Depths:3 | Gained mutation: Your body often deteriorates upon taking
                  | damage. [mutagenic glow]
 73461 | Depths:2 | Gained mutation: You tend to lose your temper in combat.
                  | [mutagenic glow]
 73777 | Elf:2    | Bought a book of Air for 630 gold pieces
 73782 | Elf:2    | Lost mutation: Your magical capacity is low. (-10% MP)
                  | [potion of mutation]
 73782 | Elf:2    | Lost mutation: Your mind is acute. (Int +2) [potion of
                  | mutation]
 73782 | Elf:2    | Lost mutation: Your system is resistant to poisons. (rPois)
                  | [potion of mutation]
 73782 | Elf:2    | Lost mutation: Your body often deteriorates upon taking
                  | damage. [potion of mutation]
 73782 | Elf:2    | Gained mutation: You are occasionally teleported next to
                  | monsters. [potion of mutation]
 73782 | Elf:2    | Lost mutation: You tend to lose your temper in combat.
                  | [potion of mutation]
 73782 | Elf:2    | Gained mutation: Your spells are a little harder to cast,
                  | but a little more powerful. [potion of mutation]
 73783 | Elf:2    | Lost mutation: You are clumsy. (Dex -2) [potion of
                  | mutation]
 73783 | Elf:2    | Lost mutation: Your body sometimes deteriorates upon taking
                  | damage. [potion of mutation]
 73783 | Elf:2    | Lost mutation: Your spells are a little harder to cast, but
                  | a little more powerful. [potion of mutation]
 73783 | Elf:2    | Lost mutation: You are occasionally teleported next to
                  | monsters. [potion of mutation]
 73783 | Elf:2    | Gained mutation: You have a somewhat thin skeletal
                  | structure. (Dex +2, Stealth) [potion of mutation]
 73783 | Elf:2    | Gained mutation: You are somewhat resistant to further
                  | mutation. [potion of mutation]
 74512 | Tomb:2   | Noticed a greater mummy
 74518 | Tomb:2   | Noticed an ancient lich
 74520 | Tomb:2   | Noticed an ancient lich
 74521 | Tomb:2   | Killed a greater mummy
 74522 | Tomb:2   | Noticed a greater mummy
 74528 | Tomb:2   | Killed a greater mummy
 74533 | Tomb:2   | Killed an ancient lich
 74535 | Tomb:2   | Killed an ancient lich
 75949 | Tomb:1   | Noticed a greater mummy
 75950 | Tomb:1   | Noticed a greater mummy
 75950 | Tomb:1   | Noticed a greater mummy
 75956 | Tomb:1   | Noticed a greater mummy
 75964 | Tomb:1   | Killed a greater mummy
 75966 | Tomb:1   | Killed a greater mummy
 75971 | Tomb:1   | Killed a greater mummy
 75972 | Tomb:1   | Noticed a greater mummy
 75976 | Tomb:1   | Killed a greater mummy
 75979 | Tomb:1   | Noticed a greater mummy
 75985 | Tomb:1   | Killed a greater mummy
 75994 | Tomb:1   | Killed a greater mummy
 75994 | Tomb:1   | Received a gift from Okawaru
 75999 | Tomb:1   | Noticed a greater mummy
 76006 | Tomb:1   | Killed a greater mummy
 76015 | Tomb:1   | Noticed a greater mummy
 76023 | Tomb:1   | Killed a greater mummy
 76046 | Tomb:1   | Noticed a greater mummy
 76052 | Tomb:1   | Noticed a greater mummy
 76053 | Tomb:1   | Killed a greater mummy
 76059 | Tomb:1   | Killed a greater mummy
 76059 | Tomb:1   | Received a gift from Okawaru
 76551 | Tomb:1   | Noticed a greater mummy
 76563 | Tomb:1   | Killed a greater mummy
 76746 | Tomb:1   | Noticed a greater mummy
 76752 | Tomb:1   | Noticed a greater mummy
 76760 | Tomb:1   | Killed a greater mummy
 76771 | Tomb:1   | Killed a greater mummy
 76865 | Tomb:1   | Noticed a greater mummy
 76892 | Tomb:1   | Killed a greater mummy
 77161 | Tomb:2   | HP: 7/254 [something (28)]
 77684 | Tomb:3   | Entered Level 3 of the Tomb of the Ancients
 77687 | Tomb:3   | Received a gift from Okawaru
 77688 | Tomb:3   | Got an obsidian-studded ring mail {god gift}
 77689 | Tomb:3   | Identified the +0 ring mail of Xezxusig {rPois Str+5 Dex+3}
                  | (Okawaru gifted it to you on level 3 of the Tomb of the
                  | Ancients)
 77724 | Tomb:3   | Reached skill level 15 in Evocations
 77732 | Tomb:3   | Reached skill level 1 in Earth Magic
 77743 | Tomb:3   | Reached skill level 1 in Transmutations
 77747 | Tomb:3   | Noticed an ancient lich
 77752 | Tomb:3   | Noticed a greater mummy
 77757 | Tomb:3   | Noticed a greater mummy
 77759 | Tomb:3   | Noticed a greater mummy
 77762 | Tomb:3   | Killed an ancient lich
 77766 | Tomb:3   | Killed a greater mummy
 77766 | Tomb:3   | Noticed a greater mummy
 77780 | Tomb:3   | HP: 7/254 [something (11)]
 77780 | Tomb:3   | Reached skill level 5 in Earth Magic
 77782 | Tomb:3   | Killed a greater mummy
 77788 | Tomb:3   | Killed a greater mummy
 77793 | Tomb:3   | Killed a greater mummy
 77796 | Tomb:3   | HP: 6/253 [mummy priest/divine providence (12)]
 77805 | Tomb:3   | Received a gift from Okawaru
 77806 | Tomb:3   | Noticed a greater mummy
 77809 | Tomb:3   | Noticed a greater mummy
 77811 | Tomb:3   | Killed a greater mummy
 77814 | Tomb:3   | Noticed a greater mummy
 78286 | Tomb:3   | Killed a greater mummy
 78286 | Tomb:3   | Reached skill level 5 in Transmutations
 78326 | Tomb:3   | Killed a greater mummy
 78740 | Tomb:3   | Found the +7 Singing Sword {slice, sonic wave}
 78742 | Tomb:3   | Found the brooch of Shielding {Reflect SH+8}
 78759 | Tomb:3   | Identified the Incunabulum of Blistering Snow
 78764 | Tomb:3   | Identified the +1 scale mail of Soez {+Fly rN+++ Int-2
                  | Dex-2} (You found it on level 3 of the Tomb of the
                  | Ancients)
 78791 | Tomb:3   | Got a twitching silver ring
 78793 | Tomb:3   | Identified the ring of Arihoe {+Fly Str+5 Slay+4} (You
                  | found it on level 3 of the Tomb of the Ancients)
 78902 | Tomb:3   | Got a golden rune of Zot
 80375 | Geh:2    | Gained mutation: Your body sometimes deteriorates upon
                  | taking damage. [mutagenic glow]
 80946 | Geh:2    | Reached skill level 10 in Earth Magic
 81075 | Geh:2    | Received a gift from Okawaru
 81693 | Geh:4    | Received a gift from Okawaru
 82144 | Coc:1    | Entered Level 1 of Cocytus
 82251 | Coc:1    | Reached skill level 10 in Transmutations
 83761 | Coc:1    | Gained mutation: Your magical capacity is low. (-10% MP)
                  | [mutagenic glow]
 84946 | Coc:3    | Received a gift from Okawaru
 84949 | Coc:3    | Got a pair of slimy boots {god gift}
 84956 | Coc:3    | Identified the +2 pair of boots of Okawaru's Reproof {-Tele
                  | rC+ Str+4} (Okawaru gifted it to you on level 3 of Cocytus)
 85217 | Coc:3    | Learned a level 4 spell: Airstrike
 85965 | Coc:4    | Gained mutation: You are occasionally teleported next to
                  | monsters. [mutagenic glow]
 87622 | Coc:6    | Received a gift from Okawaru
 87745 | Coc:7    | Entered Level 7 of Cocytus
 88025 | Tar:1    | Entered Level 1 of Tartarus
 88073 | Tar:1    | Received a gift from Okawaru
 88082 | Tar:1    | You are sucked into a shaft!
 88380 | Tar:2    | Received a gift from Okawaru
 88516 | Tar:2    | Got a warped hat {god gift}
 88527 | Tar:2    | Identified the +0 hat of the Leaf {-Tele rElec rF+}
                  | (Okawaru gifted it to you on level 2 of Tartarus)
 88599 | Hell     | Lost mutation: Your magical capacity is low. (-10% MP)
                  | [potion of mutation]
 88599 | Hell     | Lost mutation: Your body sometimes deteriorates upon taking
                  | damage. [potion of mutation]
 88599 | Hell     | Lost mutation: You are somewhat resistant to further
                  | mutation. [potion of mutation]
 88599 | Hell     | Gained mutation: Your mind is acute. (Int +2) [potion of
                  | mutation]
 88599 | Hell     | Gained mutation: Your mind is very acute. (Int +4) [potion
                  | of mutation]
 88941 | Hell     | Learned a level 4 spell: Summon Lightning Spire
 90002 | Tar:4    | Reached skill level 15 in Earth Magic
 90008 | Tar:4    | Reached skill level 15 in Transmutations
 90073 | Tar:4    | Reached skill level 1 in Air Magic
 90162 | Tar:4    | Received a gift from Okawaru
 90467 | Tar:5    | Reached skill level 5 in Air Magic
 91940 | Tar:6    | Received a gift from Okawaru
 92182 | Tar:6    | Reached skill level 10 in Air Magic
 92494 | Tar:7    | Entered Level 7 of Tartarus
 93450 | Geh:6    | Reached skill level 1 in Summonings
 93485 | Geh:7    | Entered Level 7 of Gehenna
 93627 | Geh:7    | Received a gift from Okawaru
 93655 | Geh:7    | Killed by the effects of Hell

Skill      XL: |  1  2  3  4  5  6  7  8  9 10 11 12 13 14 15 16 17 18 19 20 21 22 23 24 25 26 27 |
---------------+----------------------------------------------------------------------------------+-----
Shields        | 4 5 6 7 9 11 14 15 16 20 22 | 22.0
Fighting       | 4 6 8 9 10 13 15 17 21 22 | 22.0
Axes           | 3 4 5 6 9 12 15 16 17 18 21 | 21.2
Armour         | 4 5 6 7 8 9 10 11 14 16 17 19 20 22 | 22.0
Invocations    | 1 5 7 10 | 10.0
Dodging        | 1 4 6 7 9 11 13 15 16 17 19 21 22 | 22.0
Throwing       | 3 5 10 11 13 22 | 22.0
Evocations     | 6 9 10 11 15 | 15.0
Maces & Flails | 7 11 18 | 18.3
Spellcasting   | 9 10 | 10.0
Earth Magic    | 15 | 15.0
Transmutations | 15 | 15.0
Air Magic      | 11 | 11.7
Summonings     | 2 |  2.9

Action                   |  1- 3 |  4- 6 |  7- 9 | 10-12 | 13-15 | 16-18 | 19-21 | 22-24 | 25-27 || total
-------------------------+-------+-------+-------+-------+-------+-------+-------+-------+-------++-------
Melee: War axe           |    88 |   158 |   281 |   488 |   192 |       |       |       |       ||  1207
       Headbutt          |     9 |    21 |    61 |   130 |   197 |   313 |   354 |   465 |  2177 ||  3727
       Broad axe         |       |       |       |       |   389 |   920 |  1243 |  1148 |  4740 ||  8440
       Morningstar       |       |       |       |       |       |       |       |       |   399 ||   399
Throw: Javelin           |       |       |       |    26 |    29 |       |     4 |       |   288 ||   347
       Throwing net      |       |       |       |     1 |       |       |       |       |     2 ||     3
 Cast: Airstrike         |       |       |       |       |       |       |       |       |     6 ||     6
Invok: Heroism           |       |       |     3 |    15 |     7 |     5 |     3 |     5 |    48 ||    86
       Finesse           |       |       |       |     5 |     2 |     3 |     3 |     3 |    23 ||    39
Evoke: Wand              |       |       |       |     3 |    10 |       |       |       |       ||    13
  Use: Scroll            |       |       |    14 |     9 |     5 |     5 |    17 |     7 |    20 ||    77
       Potion            |       |       |     2 |     3 |     1 |     2 |     1 |     1 |    17 ||    27
 Stab: Sleeping          |       |       |       |       |       |     2 |     1 |       |    10 ||    13
       Distracted        |       |       |       |       |       |     1 |     4 |     3 |     7 ||    15
       Held in net/web   |       |       |       |       |       |       |     1 |       |       ||     1
  Eat: Chunk             |     1 |     7 |    14 |     8 |    16 |    24 |    22 |    18 |    21 ||   131
       Ration            |       |       |     1 |     5 |     2 |     2 |     3 |     4 |    34 ||    51
Armor: Scale mail        |    46 |    58 |    13 |     8 |       |       |       |       |       ||   125
       Plate armour      |       |       |    97 |       |       |     8 |     8 |       |       ||   113
       Ring mail         |       |       |       |    74 |    61 |    73 |   137 |   139 |   655 ||  1139
Dodge: Dodged            |    21 |    44 |    59 |   147 |   184 |   338 |   488 |   559 |  2367 ||  4207
       Deflected         |       |       |       |    12 |    12 |     8 |     6 |    25 |    49 ||   112
Block: Shield            |    57 |    83 |   120 |   262 |   401 |   886 |  1025 |   763 |  3944 ||  7541
       Reflection        |       |       |       |       |    36 |   155 |   144 |       |       ||   335
       Rpst.: Broad axe  |       |       |       |       |       |       |       |    61 |   346 ||   407
       Morningstar       |       |       |       |       |       |       |       |       |    47 ||    47
